 Dungeon Crawl Stone Soup version 0.20.1-1-g8b1a95d (webtiles) character file.

62 junkyardfreak the Ruffian (level 3, 0/30 HPs)
             Began as a Centaur Transmuter on July 9, 2017.
             Was a Follower of Okawaru.
             Slain by a jackal (2 damage)
             ... on level 3 of the Dungeon.
             The game lasted 00:27:38 (2554 turns).

junkyardfreak the Ruffian (Centaur Transmuter)      Turns: 2554, Time: 00:27:39

Health: 0/30       AC:  5    Str: 12    XL:     3   Next: 85%
Magic:  4/5        EV:  7    Int: 14    God:    Okawaru [*.....]
Gold:   151        SH:  3    Dex: 10    Spells: 4/5 levels left

rFire    . . .     SeeInvis .   m - +0 mace (holy)
rCold    . . .     Gourm    .   j - +0 buckler
rNeg     . . .     Faith    .   e - +0 ring mail
rPois    .         Spirit   .   (no helmet)
rElec    .         Reflect  .   (no cloak)
rCorr    .         Harm     .   (no gloves)
MR       .....                  (no barding)
Stlth    ..........             (no amulet)
Regen    0.1/turn               l - +4 ring of intelligence
MPRegen  0.1/turn               (no ring)

@: appendage (expiring), very slightly contaminated, very quick
A: hooves 3, horns 2, deformed body, dopey 1, speed 2, robust 1, tough skin 3
a: End Transformation, Heroism, Renounce Religion


You were on level 3 of the Dungeon.
You worshipped Okawaru.
Okawaru was aware of your devotion.
You were not hungry.
You had grown temporary horns.
You visited 1 branch of the dungeon, and saw 3 of its levels.

You collected 151 gold pieces.

Inventory:

Hand Weapons
 b - a +0 short sword
 m - a +0 mace of holy wrath (weapon)
Missiles
 a - 39 arrows
 i - 36 poisoned needles (quivered)
Armour
 e - a +0 ring mail (worn)
 h - a +0 helmet
 j - a +0 buckler (worn)
Jewellery
 l - a +4 ring of intelligence (left hand)
Books
 c - a book of Changes

   Spells                             Type                      Level
   a - Beastly Appendage              Transmutation                1
   b - Sticks to Snakes               Transmutation                2
   c - Spider Form                    Transmutation/Poison         3
   d - Ice Form                       Ice/Transmutation            4
   e - Blade Hands                    Transmutation                5
Comestibles
 d - 2 bread rations
 f - 3 chunks of flesh
 g - a meat ration
 k - a royal jelly


   Skills:
 + Level 1.3 Fighting
 + Level 0.6 Maces & Flails
 + Level 1.1 Armour
 + Level 1.7 Dodging
 + Level 0.1 Stealth
 + Level 3.6 Unarmed Combat
 + Level 1.6 Spellcasting
 + Level 1.9 Transmutations


You had 4 spell levels left.
You knew the following spells:

 Your Spells              Type           Power        Failure   Level  Hunger
a - Beastly Appendage     Tmut           #.....       38%         1    ##.....


Dungeon Overview and Level Annotations

Branches:
Dungeon (3/15)

Altars:
Fedhas
Gozag
Nemelex Xobeh
Okawaru
Xom
Yredelemnul


Innate Abilities, Weirdness & Mutations

You have hooves in place of feet.
Armour fits poorly on your strangely shaped body.
You cover ground very quickly.
You have extremely tough skin. (AC +3)
You have a pair of horns on your head.
You are dopey. (Int -2)
You are robust. (+10% HP)


Message History

A giant cockroach and an orc come into view.
The orc shouts!
The jackal closely misses you. The orc hits you but does no damage.
A jackal comes into view.
The jackal barks!
You hit the jackal but do no damage.
You headbutt the jackal, but do no damage.
The jackal bites you but does no damage.
The orc barely misses you. The orc hits you with a dagger.
* * * LOW HITPOINT WARNING * * *
The giant cockroach bites you but does no damage.
The jackal bites you.
* * * LOW HITPOINT WARNING * * *
The orc closely misses you. The orc barely misses you.
A jackal comes into view.
The jackal barks!
You hit the orc. Your kick misses the orc.
The orc is severely wounded.
The jackal bites you.
You die...

...# h# #..# #.# #..#
#.# #..##
#.###########...#
###h...............
...#######.###....
#hs# #....# #.#.. #@o#
#.#.## #.... #oo#
#.#.# ###..
##.##oo####(#.######..
#....oo(.o._..........
##.##o.####(#.######..
# #o.# #.#.######..
#.l# #.#......... .$.#
#.#.#######. ..... ...
####.


You could see 9 orcs, 3 jackals, a giant cockroach and a frilled lizard.

Vanquished Creatures
  2 oozes
  A worm (D:2)
  A dart slug (D:1)
  A leopard gecko (D:2)
  2 giant cockroaches (D:1)
  6 goblins
  6 hobgoblins
  6 jackals (D:1)
  4 kobolds
  6 bats
  3 frilled lizards
  5 rats
43 creatures vanquished.

Notes
Turn   | Place    | Note
-------+----------+-------------------------------------------
     0 | D:1      | junkyardfreak the Centaur Transmuter began the quest for the Orb.
     0 | D:1      | Reached XP level 1. HP: 16/16 MP: 3/3
   179 | D:1      | Reached XP level 2. HP: 14/23 MP: 4/4
  1059 | D:1      | Reached XP level 3. HP: 22/28 MP: 5/5
  1457 | D:2      | Found a deep blue altar of Sif Muna.
  1457 | D:2      | Found a snail-covered altar of Cheibriados.
  1457 | D:2      | Found a basalt altar of Yredelemnul.
  1457 | D:2      | Found a stormy altar of Qazlal.
  1457 | D:2      | Found a shimmering altar of Xom.
  1457 | D:2      | Found a hide-covered altar of Uskayaw.
  1619 | D:2      | Reached skill level 1 in Armour
  1687 | D:2      | Found an opulent altar of Gozag.
  1687 | D:2      | Found a faded altar of an unknown god.
  1695 | D:2      | Found a sparkling altar of Nemelex Xobeh.
  1698 | D:2      | Found a basalt altar of Yredelemnul.
  1700 | D:2      | Found a faded altar of an unknown god.
  1706 | D:2      | Became a worshipper of Warmaster Okawaru
  1706 | D:2      | Reached * piety under Okawaru
  2456 | D:3      | Gained mutation: You are dopey. (Int -2) [potion of mutation]
  2456 | D:3      | Gained mutation: You are robust. (+10% HP) [potion of mutation]
  2532 | D:3      | Found a blossoming altar of Fedhas.
  2554 | D:3      | Slain by a jackal

Skill      XL: |  1  2  3 |
---------------+----------+-----
Armour         | 1 |  1.1
Fighting       | |  1.3
Maces & Flails | |  0.6
Dodging        | |  1.7
Stealth        | |  0.1
Unarmed Combat | |  3.6
Spellcasting   | |  1.6
Transmutations | |  1.9

Action                   || total
-------------------------++-------
Melee: Unarmed           ||    27
       Kick              ||    34
       Club              ||    76
       Mace              ||    37
       Short sword       ||    17
       Headbutt          ||     3
 Cast: Beastly Appendage ||     2
  Use: Scroll            ||     3
       Potion            ||     2
  Eat: Chunk             ||     4
Armor: Ring mail         ||   114
Dodge: Dodged            ||    97
Block: Buckler           ||     9
